 Dungeon Crawl Stone Soup version 0.31.0 (webtiles) character file.

Game seed: 13628507915006037168

136 qw the Shooter (level 5, -2/32 HPs)
             Began as a Gargoyle Hunter on Jan 20, 2024.
             Slain by Sigmund
             ... wielding a +0 scythe of flaming
              (5 damage)
             ... on level 2 of the Dungeon.
             The game lasted 00:00:08 (1405 turns).

qw the Shooter (Gargoyle Hunter)                    Turns: 1405, Time: 00:00:08

Health: -2/32      AC:  8    Str: 14    XL:     5   Next: 19%
Magic:  5/5        EV: 11    Int: 10    God:
Gold:   123        SH:  0    Dex: 15    Spells: 4/4 levels left

rFire   . . .        g - +1 orcbow
rCold   . . .        (shield currently unavailable)
rNeg    + . .        b - +0 troll leather armour
rPois   inf          (no helmet)
rElec   +            e - +0 cloak
rCorr   .            (no gloves)
SInv    .            (no boots)
Will    .....        (no amulet)
Stlth   +            (no ring)
HPRegen 1.05/turn    (no ring)
MPRegen 0.09/turn

%: no passive effects
@: confused
A: sickness immunity, AC +4, negative energy resistance 1, electricity
resistance, torment resistance 1, petrification resistance
a: no special abilities


You were on level 2 of the Dungeon.
You visited 1 branch of the dungeon, and saw 2 of its levels.

You collected 123 gold pieces.


Innate Abilities, Weirdness & Mutations

You are immune to sickness and miasma.
Your stone body is resilient. (AC +4)
You are immune to poison.
You resist negative energy. (rN+)
You are resistant to electric shocks. (rElec)
You are resistant to unholy torment.
You are immune to petrification.


   Skills:
 - Level 3.0 Fighting
 - Level 6.0 Ranged Weapons
 + Level 0.0 Armour
 - Level 1.5 Dodging
 - Level 1.1 Stealth


You had 4 spell levels left.
You didn't know any spells.
Your spell library was empty.

Inventory:

Hand Weapons
 g - a +1 orcbow (weapon)
Armour
 b - a +0 troll leather armour (worn)
 e - a +0 cloak (worn)
Scrolls
 a - 2 scrolls of teleportation
 c - a scroll of revelation {unknown}
 f - a scroll of identify
Potions
 d - a potion of lignification {unknown}
 j - a potion of haste {unknown}

Dungeon Overview and Level Annotations

Branches:
Dungeon (2/15)

Altars:

Annotations:
D:2 1 runed translucent door, Crazy Yiuf, Sigmund


Message History

Sigmund burns you.
You shoot an arrow. The arrow hits Sigmund.
Sigmund is moderately wounded.
Sigmund gestures at you while chanting. You resist with some effort.
You shoot an arrow. The arrow closely misses Sigmund.
Sigmund closely misses you.
You shoot an arrow. The arrow closely misses Sigmund.
Sigmund misses you.
You shoot an arrow. The arrow barely misses Sigmund.
You shoot an arrow. The arrow barely misses Sigmund.
Sigmund barely misses you.
You shoot an arrow. The arrow barely misses Sigmund.
Sigmund hits you but does no damage.
You shoot an arrow. The arrow closely misses Sigmund.
Sigmund points at you and mumbles some strange words.
The magic dart hits you.
You shoot an arrow. The arrow hits Sigmund!
Sigmund is heavily wounded.
Sigmund gestures wildly while chanting.
Sigmund flickers and vanishes!
Deactivating autopickup; reactivate with Ctrl-A.
1391 ||| FLEEEEING.
You shoot an arrow. Something hits you! Something burns you.
A puff of flame appears from out of thin air!
The puff of flame hits you!
A puff of flame appears from out of thin air!
The puff of flame hits you but does no damage.
A magic dart appears from out of thin air!
The magic dart hits you!
You shoot an arrow.
1402 ||| FLEEEEING.
You are confused.
You hear some strange, mumbled words.
A puff of flame appears from out of thin air!
The puff of flame hits you!
You bump into the rock wall.
Something hits you.
You die...

#...####.# ###......###
#.# ######....#
#...######.########
#.......###
#...#...#..........
#..####...#
#...#.#.#.......)..
#.........#
#...#.#.#..........
#.##.#.#..#
#...#.#...######### .
.##.....## #.>.#)###.#
#.# # ....#.#.#
#.{...#.#.## #.# #
##......######@........#
#.# #
#####......##.#.###.###
#.# # ######.##.#......#
# #.##........# ######
#.#.........######
.....####
#.#.....#........#
####....#
#.....#......##### #
####.# ###.......##.# #.
# ####%#### #........#.#
#.


There were no monsters in sight!

Vanquished Creatures
  Robin (D:2)
  4 gnolls (D:2)
  2 adders (D:2)
  2 dart slugs (D:1)
  A ribbon worm (D:2)
  4 ball pythons
  2 endoplasms
  3 giant cockroaches
  16 goblins
  8 hobgoblins
  7 kobolds
  A quokka (D:2)
  6 bats
  2 frilled lizards (D:1)
  3 rats
62 creatures vanquished.

Notes
Turn   | Place    | Note
-------+----------+-------------------------------------------
     0 | D:1      | qw the Gargoyle Hunter began the quest for the Orb.
     0 | D:1      | Reached XP level 1. HP: 12/12 MP: 1/1
     0 | D:1      | 0 ||| qw: Version: 0.3-a-132-g3d54051
     0 | D:1      | 0 ||| qw: Game counter: 466
     0 | D:1      | 0 ||| qw: Melee chars always use a shield: true
     0 | D:1      | 0 ||| qw: God list: Okawaru
     0 | D:1      | 0 ||| qw: Allow faded altars: false
     0 | D:1      | 0 ||| qw: Do Orc after clearing Dungeon:15 true
     0 | D:1      | 0 ||| qw: Do second Lair branch before Depths: true
     0 | D:1      | 0 ||| qw: Lair rune preference: random
     0 | D:1      | 0 ||| qw: Goals: Normal
     0 | D:1      | 0 ||| PLANNING D:1-11
   211 | D:1      | You fall into a shaft and drop 1 floor!
   212 | D:2      | 212 ||| FLEEEEING.
   218 | D:2      | 218 ||| FLEEEEING.
   219 | D:2      | 219 ||| STAIRDANCE
   221 | D:1      | 221 ||| SWAPPING to +0 orcbow.
   222 | D:1      | 222 ||| DROPPING +0 shortbow.
   300 | D:1      | Reached XP level 2. HP: 17/17 MP: 2/2
   459 | D:1      | Reached XP level 3. HP: 21/21 MP: 3/3
   496 | D:1      | Reached skill level 5 in Ranged Weapons
   687 | D:1      | 687 ||| UPGRADING to +0 cloak.
   692 | D:1      | 692 ||| READING scroll labelled KOKAZIZIXEE.
   693 | D:1      | 693 ||| READING scroll labelled EJUGHEVYRCHO.
   693 | D:1      | 693 ||| IDENTIFYING bubbling sapphire potion
   694 | D:1      | 694 ||| READING scroll labelled PEUR YL EXTU.
   699 | D:1      | 699 ||| READING scroll labelled TUOCAT TUEGRI.
   699 | D:1      | 699 ||| ENCHANTING +0 orcbow.
   700 | D:1      | 700 ||| DROPPING scroll of butterflies.
   812 | D:2      | Noticed Robin
   814 | D:2      | Reached skill level 3 in Fighting
   821 | D:2      | HP: 3/23 [goblin/+0 dagger[Robin] (5)]
   822 | D:2      | 822 ||| DRINKING potion of heal wounds.
   838 | D:2      | Killed Robin
   839 | D:2      | Reached XP level 4. HP: 10/28 MP: 4/4
   839 | D:2      | 839 ||| FLEEEEING.
   840 | D:2      | 840 ||| FLEEEEING.
   841 | D:2      | 841 ||| FLEEEEING.
   842 | D:2      | 842 ||| FLEEEEING.
   843 | D:2      | 843 ||| FLEEEEING.
   844 | D:2      | 844 ||| FLEEEEING.
   845 | D:2      | 845 ||| FLEEEEING.
   846 | D:2      | 846 ||| FLEEEEING.
   847 | D:2      | 847 ||| FLEEEEING.
   848 | D:2      | 848 ||| FLEEEEING.
   849 | D:2      | 849 ||| FLEEEEING.
   850 | D:2      | 850 ||| FLEEEEING.
   851 | D:2      | 851 ||| FLEEEEING.
   852 | D:2      | 852 ||| FLEEEEING.
   853 | D:2      | 853 ||| FLEEEEING.
   966 | D:2      | 966 ||| UPGRADING to +0 troll leather armour.
   979 | D:2      | 979 ||| FLEEEEING.
   983 | D:2      | 983 ||| DROPPING +0 leather armour.
  1011 | D:2      | 1011 ||| READING scroll of identify.
  1011 | D:2      | 1011 ||| IDENTIFYING smoky dark potion
  1012 | D:2      | 1012 ||| DROPPING potion of degeneration.
  1076 | D:2      | Found a runed translucent door.
  1077 | D:2      | Noticed Crazy Yiuf
  1195 | D:2      | 1195 ||| RETREEEEATING.
  1219 | D:2      | Reached XP level 5. HP: 19/32 MP: 5/5
  1350 | D:2      | Reached skill level 6 in Ranged Weapons
  1380 | D:2      | Noticed Sigmund
  1391 | D:2      | 1391 ||| FLEEEEING.
  1393 | D:2      | HP: 7/32 [something/puff of flame (13)]
  1396 | D:2      | HP: 2/32 [something/magic dart (8)]
  1402 | D:2      | 1402 ||| FLEEEEING.
  1404 | D:2      | HP: 2/32 [something/puff of flame (9)]
  1405 | D:2      | Slain by Sigmund

Levels and vault maps discovered:
D:1:      dpeg_arrival_stone_temple_mockup, layout_basic, columned_hall_lemuel
D:2:      layout_loops_cross, serial_co_window_serial,
          co_window_of_opportunity_a, co_window_corner_a,
          co_window_of_opportunity_a, co_window_of_opportunity_a,
          co_window_cross_1, co_window_corner_a, co_window_paths_c,
          co_window_2corner, co_window_corner_b, co_window_broadway_b,
          co_window_paths_e, glass_columns_b, glass_columns_a, glass_columns_c,
          serial_bayou_crossing, uniq_sigmund, uniq_robin,
          uniq_crazy_yiuf_cottage

Skill      XL: |  1  2  3  4  5 |
---------------+----------------+-----
Ranged Weapons | 5 6 |  6.0
Fighting       | 3 |  3.0
Dodging        | |  1.5
Stealth        | |  1.1

Action                     |  1- 3 |  4- 6 || total
---------------------------+-------+-------++-------
   Fire: Shortbow          |    16 |       ||    16
         Orcbow            |    89 |    84 ||   173
    Use: Scroll            |     4 |     1 ||     5
         Potion            |     1 |       ||     1
 Armour: Leather armour    |    24 |     2 ||    26
         Troll leather arm |       |    33 ||    33
  Dodge: Dodged            |    33 |    28 ||    61

Table legend:
 A = Non-vault XP
 B = Vault XP
 C = Vault XP percentage of total XP
 D = Non-vault monster count
 E = Vault monster count
 F = Vault count percentage of total count
                 A         B        C        D         E       F
            +---------+---------+-------+---------+---------+-------
      Total |     160 |      35 |  17.9 |      49 |      13 |  21.0
            +---------+---------+-------+---------+---------+-------
        D:1 |      43 |       0 |   0.0 |      23 |       0 |   0.0
        D:2 |     117 |      35 |  23.0 |      26 |      13 |  33.3
            +---------+---------+-------+---------+---------+-------
